[Event "FIDE Grand Swiss 2023"]
[Site "Villa Marina, Douglas, Isle of Man, Isle Of Man"]
[Date "2023.11.01"]
[Round "7.4"]
[White "Erigaisi, Arjun"]
[Black "Esipenko, Andrey"]
[Result "1/2-1/2"]
[TimeControl "40/90 + 30 + 30s/move"]
[WhiteFideId "35009192"]
[BlackFideId "24175439"]
[WhiteElo "2712"]
[BlackElo "2683"]

1. e4 e5 2. Nf3 Nc6 3. Bb5 a6 4. Ba4 Nf6 5. O-O Be7 6. Re1 b5 7. Bb3 O-O 8. h3 Bb7 9. d3 d5 10.
exd5 Nxd5 11. Nbd2 Qd7 12. a4 Rae8 13. axb5 axb5 14. Ne4 Kh8 15. Bd2 f6 16. c3 f5 17. Neg5 Bf6 18. c4 bxc4 19.
dxc4 Nde7 20. c5 e4 21. Be6 Qd8 22. Nf7+ Rxf7 23. Bxf7 Rf8 24. Ng5 e3 25. Bxe3 Qxd1 26. Raxd1 h6 27.
Rd7 hxg5 28. Rxc7 Ba8 29. Bc4 Rd8 30. Be6 Kh7 31. Rd7 Rb8 32. b3 Bb7 33. Rd6 f4 34. Bd2 Be5 35. Rd7 Bf6 36.
b4 Ba6 37. Rd6 Bb5 38. Bd7 Ra8 39. h4 gxh4 40. Bxf4 Ra2 41. g4 hxg3 42. Bxg3 Rb2 43. Kg2 Bc4 44. Kh2 Bb5 45. Re4 Ba4 46.
Kg2 Kg8 47. Bh4 Bc2 48. Rg4 Bxh4 49. Rxh4 g5 50. Rg4 Rxb4 51. Rxg5+ Kf7 52. f3 Na5 53. c6 Nc4 54. Rh6 Bg6 55.
Rh8 Rb2+ 56. Kg3 Nd6 57. Rc5 Be4 58. Rc3 Bf5 59. Rd8 Bxd7 60. Rxd7 Ndc8 61. c7 Ke6 62. Rd8 Rb4 63. f4 Rb1 64.
Rc5 Rg1+ 65. Kf2 Ra1 66. Ke3 Ra3+ 67. Ke2 Kf7 68. Kd2 Ra4 69. Ke3 Rb4 70. Kf3 Rb1 71. Rd4 Kf6 72. Rd8 Kf7 73.
Ke4 Kf6 74. Rh8 Rb4+ 75. Ke3 Kg7 76. Rh1 Kf7 77. Kf3 Rb7 78. Kg4 Kg7 79. Rd1 Kf7 80. Rc2 Ra7 81. Rd7 Ra1 82. Rd8 Kg7 83.
Rcd2 Rg1+ 84. Kf3 Rc1 85. R8d7 Kf6 86. Re2 Kf7 87. f5 Kf6 88. Re6+ Kxf5 89. Rexe7 Nxe7 90. Rxe7 Kf6 1/2-1/2

[Event "FIDE Grand Swiss 2023"]
[Site "Villa Marina, Douglas, Isle of Man, Isle Of Man"]
[Date "2023.11.01"]
[Round "7.26"]
[White "Harikrishna, Pentala"]
[Black "Murzin, Volodar"]
[Result "1/2-1/2"]
[TimeControl "40/90 + 30 + 30s/move"]
[WhiteFideId "5007003"]
[BlackFideId "44155573"]
[WhiteElo "2716"]
[BlackElo "2633"]

1. e4 e5 2. Nf3 Nc6 3. Bb5 a6 4. Ba4 Nf6 5. Nc3 Bd6 6. O-O Nd4 7. d3 Nxf3+ 8. Qxf3 O-O 9. g4 Kh8 10.
Bb3 Bc5 11. g5 Ng8 12. Qg3 d6 13. Be3 f5 14. f4 exf4 15. Rxf4 Bxe3+ 16. Qxe3 Qxg5+ 17. Qg3 Qxg3+ 18. hxg3 Bd7 19. Raf1 Ne7 20. exf5 Rxf5 21. Re1 Ng6 22.
Rxf5 Bxf5 23. Bd5 c6 24. Be4 Ne7 25. g4 Bxg4 26. Bxh7 Nf5 27. Bxf5 Bxf5 28. Re7 Rb8 29. Rf7 Be6 30.
Rc7 Kh7 31. b3 Bf5 32. Nd1 Kg6 33. Ne3 Be6 34. d4 Kf6 35. c4 a5 36. a4 Re8 37. Rxb7 Bc8 38. Rc7 Rxe3 39. Rxc8 Rxb3 40.
Rxc6 Ke7 41. c5 1/2-1/2

[Event "FIDE Grand Swiss 2023"]
[Site "Villa Marina, Douglas, Isle of Man, Isle Of Man"]
[Date "2023.11.01"]
[Round "7.40"]
[White "Kollars, Dmitrij"]
[Black "Sargissian, Gabriel"]
[Result "0-1"]
[TimeControl "40/90 + 30 + 30s/move"]
[WhiteFideId "12909572"]
[BlackFideId "13300881"]
[WhiteElo "2633"]
[BlackElo "2686"]

1. e4 e5 2. Nf3 Nc6 3. Bb5 a6 4. Ba4 Nf6 5. O-O Be7 6. d3 b5 7. Bb3 d6 8. a3 Na5 9. Ba2 c5 10.
Nc3 Be6 11. Nh4 c4 12. Nf5 Bxf5 13. exf5 d5 14. Bg5 O-O 15. Qe1 Rc8 16. Bxf6 Bxf6 17. Nxd5 Qxd5 18. Qxa5 Qc6 19. dxc4 bxc4 20.
Qe1 e4 21. c3 Rcd8 22. Qe2 Rd3 23. Bb1 Re8 24. Re1 g6 25. Bxd3 cxd3 26. Qg4 Qd5 27. Rad1 Kg7 28. fxg6 hxg6 29.
h4 Re6 30. h5 Qf5 31. Qxf5 gxf5 32. f3 Bh4 33. Re3 Bg5 34. Kf2 Bxe3+ 35. Kxe3 f4+ 36. Kd2 f5 37. Re1 Kh6 38. c4 Kxh5 39.
Rh1+ Kg5 40. c5 Re5 41. Re1 e3+ 42. Kxd3 Rxc5 43. b4 Rd5+ 44. Kc3 Kh4 45. a4 Kg3 46. Re2 Kh2 47. Rb2 Kg1 48.
Kd4 0-1

[Event "FIDE Grand Swiss 2023"]
[Site "Villa Marina, Douglas, Isle of Man, Isle Of Man"]
[Date "2023.11.01"]
[Round "7.53"]
[White "Mendonca, Leon Luke"]
[Black "Gurel, Ediz"]
[Result "1/2-1/2"]
[TimeControl "40/90 + 30 + 30s/move"]
[WhiteFideId "35028561"]
[BlackFideId "44507356"]
[WhiteElo "2622"]
[BlackElo "2514"]

1. e4 e5 2. Nf3 Nf6 3. Nxe5 d6 4. Nf3 Nxe4 5. d4 d5 6. Bd3 Bd6 7. O-O O-O 8. c4 c6 9. Qc2 h6 10.
c5 Bc7 11. Nc3 f5 12. a3 Be6 13. Ne2 g5 14. Ne1 Nd7 15. f3 Qe8 16. g3 Qh5 17. Ng2 Rae8 18. Be3 Ndf6 19. Rae1 Kh8 20. Bc1 Rf7 21. Qd1 Bc8 22. Bc2 Ref8 23. Qd3 Kg8 24. Bd1 Qg6 25.
Qc2 f4 26. gxf4 Bh3 27. fxe4 Nxe4 28. Ng3 gxf4 29. Nxe4 f3 30. Nf6+ Rxf6 31. Qxg6+ Rxg6 32. Bxf3 Rxf3 33. Re8+ Kh7 34.
Re7+ Kg8 35. Rxf3 Rxg2+ 36. Kf1 Rg7+ 37. Rxh3 Rxe7 38. Bxh6 Re4 39. Rb3 b6 40. cxb6 Bxb6 41. Be3 Bxd4 42.
Bxd4 Rxd4 43. Rc3 Rd1+ 44. Ke2 Rh1 45. Rxc6 Rxh2+ 46. Kd3 Rxb2 47. Ra6 Rb7 48. Kd4 Rd7 49. Ra5 Kf7 50. Rxd5 Ke6 51.
Rxd7 Kxd7 1/2-1/2